 Dungeon Crawl Stone Soup version 0.24-a0-117-g53b51606c3 (webtiles) character file.

Game seed: 16078136440131332087

308 MrRokkomies the Firebug (level 6, 0/66 HPs)
             Began as a Gnoll Wanderer on Feb 18, 2019.
             Slain by Menkaure (5 damage)
             ... while paralysed by Grinder
             ... on level 4 of the Dungeon.
             The game lasted 00:17:02 (4208 turns).

MrRokkomies the Firebug (Gnoll Wanderer)            Turns: 4208, Time: 00:17:04

Health: 0/66       AC: 23    Str: 12    XL:     6   Next: 40%
Magic:  2/14       EV:  2    Int: 17    God:
Gold:   105        SH:  0    Dex: 16    Spells: 4/15 levels left

rFire    . . .     SeeInvis .   a - +0 trident
rCold    . . .     Gourm    .   (no shield)
rNeg     + + +     Faith    .   (armour currently unavailable)
rPois    +         Spirit   .   (helmet currently unavailable)
rElec    .         Reflect  .   (cloak currently unavailable)
rCorr    .         Harm     .   (gloves currently unavailable)
MR       .....     NoTele   +   (boots currently unavailable)
Stlth    ++........             (no amulet)
HPRegen  0.21/turn              (no ring)
MPRegen  0.14/turn              (no ring)

@: paralysed, tree-form
A: distributed training, strong nose
a: no special abilities


You were on level 4 of the Dungeon.
You were not hungry.
You were a tree.
You visited 1 branch of the dungeon, and saw 4 of its levels.

You collected 105 gold pieces.

Inventory:

Hand Weapons
 a - a +0 trident (weapon)
 b - a +0 hunting sling
 p - a +1 dagger of protection
Missiles
 h - 10 tomahawks (quivered)
 i - 100 sling bullets
 l - 15 poisoned needles
 o - 2 curare-tipped needles
Armour
 c - a +0 robe (melded)
Scrolls
 d - a scroll of blinking
 m - a scroll of identify
Potions
 k - a potion of brilliance
Comestibles
 f - 11 rations


   Skills:
 + Level 1.9 Fighting
 + Level 1.9 Short Blades
 + Level 1.9 Long Blades
 + Level 1.9 Axes
 + Level 1.9 Maces & Flails
 + Level 1.9 Polearms
 + Level 1.9 Staves
 + Level 1.9 Slings
 + Level 1.9 Bows
 + Level 1.9 Crossbows
 + Level 3.2 Throwing
 + Level 1.9 Armour
 + Level 1.9 Dodging
 + Level 3.0 Stealth
 + Level 1.9 Shields
 + Level 1.9 Unarmed Combat
 + Level 5.3 Spellcasting
 + Level 1.5 Conjurations
 + Level 1.5 Hexes
 + Level 1.5 Charms
 + Level 1.5 Summonings
 + Level 1.5 Necromancy
 + Level 1.5 Translocations
 + Level 1.5 Transmutations
 + Level 7.2 Fire Magic
 + Level 1.5 Ice Magic
 + Level 1.5 Air Magic
 + Level 4.1 Earth Magic
 + Level 1.5 Poison Magic
 + Level 2.1 Invocations
 + Level 1.9 Evocations


You had 4 spell levels left.
You knew the following spells:

 Your Spells              Type           Power        Failure   Level  Hunger
a - Magic Dart            Conj           #...         8%          1    None
b - Conjure Flame         Conj/Fire      ###.....     7%          3    ##.....
c - Call Imp              Summ           #.......     11%         2    #......
d - Blink                 Tloc           N/A          11%         2    #......
e - Mephitic Cloud        Conj/Pois/Air  #.......     22%         3    ##.....

Your spell library contained the following spells:

 Spells                   Type           Power        Failure   Level  Hunger
 Animate Skeleton         Necr           N/A          8%          1    None
 Pain                     Necr           #...         8%          1    None
 Slow                     Hex            #.......     11%         2    #......
 Regeneration             Chrm/Necr      #.........   22%         3    ##.....
 Vampiric Draining        Necr           #.........   22%         3    ##.....
 Animate Dead             Necr           N/A          58%         4    ####...


Dungeon Overview and Level Annotations

Branches:
Dungeon (4/15)
 Temple: D:4-7

Altars:

Shops:
D:4 ?

Annotations:
D:4 Grinder, Menkaure


Innate Abilities, Weirdness & Mutations

Your experience applies equally to all skills.
((You have very sharp teeth.))
Your uncanny sense of smell can sniff out nearby items.


Message History

The iguana bites you but does no damage.
Your crimson imp hits the orc.
Menkaure hits you but does no damage.
Your crimson imp blinks!
You hit Menkaure.
Menkaure is severely damaged.
The orc hits your crimson imp but does no damage.
The iguana bites you.
* * * LOW HITPOINT WARNING * * *
Menkaure completely misses you.
Your crimson imp hits the orc.
The orc dies!
Grinder gestures at your crimson imp.
Your crimson imp easily resists.
You closely miss Grinder.
Grinder is severely wounded.
Menkaure hits you but does no damage.
The iguana bites you but does no damage.
Your crimson imp hits Grinder.
Grinder gestures at you.
You suddenly lose the ability to move!
Menkaure hits you.
You die...

#........#
#........#
#........#
#..[.....#
#........###
+..........## ##
#...######..##.#
#.........5.5..#
#.#########75#.#
##.#.......lM)#
#
+..........>..#
##.#.##..<#†..#
∆
#.#..#.###.#...#
..##.# #.#...#
#####.# #.#...#
#.# #.#.#.# #.#
#.#..\.


You could see Grinder, Menkaure, an iguana and 2 friendly crimson imps.

Vanquished Creatures
  An orc priest (D:4)
  5 adders
  A gnoll (D:1)
  A worm (D:4)
  A dart slug (D:3)
  2 leopard geckos
  7 orcs
  4 ball pythons
  5 bats
  3 giant cockroaches
  11 goblins
  10 hobgoblins
  4 jackals (D:3)
  7 kobolds
  6 frilled lizards
  11 rats
79 creatures vanquished.

Vanquished Creatures (collateral kills)
  Sigmund (D:3)
  An orc priest (D:3)
  Terence (D:3)
  A worker ant (D:4)
  An adder (D:2)
  A leopard gecko (D:4)
  3 orcs
  A hobgoblin (D:2)
  A goblin (D:3)
11 creatures vanquished.

Grand Total: 90 creatures vanquished

Notes
Turn   | Place    | Note
-------+----------+-------------------------------------------
     0 | D:1      | MrRokkomies the Gnoll Wanderer began the quest for the Orb.
     0 | D:1      | MrRokkomies set off with the following items: a potion of
                  | lignification, a +0 robe, a +0 dagger, a ration; and the
                  | following spell memorised: Magic Dart; and the following
                  | spells available to memorise: Conjure Flame, Blink, Call
                  | Imp, Slow, Mephitic Cloud
     0 | D:1      | Reached XP level 1. HP: 13/13 MP: 6/6
    55 | D:1      | Reached XP level 2. HP: 19/19 MP: 7/7
   997 | D:1      | Reached XP level 3. HP: 25/25 MP: 9/9
  1002 | D:1      | Learned a level 3 spell: Conjure Flame
  1005 | D:1      | Learned a level 2 spell: Call Imp
  1008 | D:1      | Learned a level 2 spell: Blink
  1012 | D:1      | Learned a level 3 spell: Mephitic Cloud
  1072 | D:1      | Reached skill level 5 in Spellcasting
  1167 | D:1      | Reached skill level 1 in Invocations
  1904 | D:2      | Reached skill level 1 in Fighting
  1904 | D:2      | Reached skill level 1 in Short Blades
  1904 | D:2      | Reached skill level 1 in Long Blades
  1904 | D:2      | Reached skill level 1 in Axes
  1904 | D:2      | Reached skill level 1 in Maces & Flails
  1904 | D:2      | Reached skill level 1 in Polearms
  1904 | D:2      | Reached skill level 1 in Staves
  1904 | D:2      | Reached skill level 1 in Slings
  1904 | D:2      | Reached skill level 1 in Bows
  1904 | D:2      | Reached skill level 1 in Crossbows
  1904 | D:2      | Reached skill level 1 in Armour
  1904 | D:2      | Reached skill level 1 in Dodging
  1904 | D:2      | Reached skill level 1 in Shields
  1904 | D:2      | Reached skill level 1 in Unarmed Combat
  1904 | D:2      | Reached skill level 1 in Evocations
  1963 | D:2      | Reached XP level 4. HP: 24/32 MP: 6/11
  2395 | D:2      | Reached skill level 1 in Conjurations
  2395 | D:2      | Reached skill level 1 in Hexes
  2395 | D:2      | Reached skill level 1 in Charms
  2395 | D:2      | Reached skill level 1 in Summonings
  2395 | D:2      | Reached skill level 1 in Necromancy
  2395 | D:2      | Reached skill level 1 in Translocations
  2395 | D:2      | Reached skill level 1 in Transmutations
  2395 | D:2      | Reached skill level 1 in Ice Magic
  2395 | D:2      | Reached skill level 1 in Air Magic
  2395 | D:2      | Reached skill level 1 in Poison Magic
  2422 | D:3      | Noticed Terence
  2438 | D:3      | Killed Terence
  2445 | D:3      | Reached XP level 5. HP: 29/37 MP: 7/12
  2538 | D:3      | Noticed Sigmund
  2765 | D:3      | Killed Sigmund
  3326 | D:3      | Reached XP level 6. HP: 44/44 MP: 13/13
  4160 | D:4      | Noticed Grinder
  4161 | D:4      | Found Syedgheux's Magic Scroll Shop.
  4186 | D:4      | Paralysed by Grinder for 6 turns
  4190 | D:4      | Noticed Menkaure
  4208 | D:4      | Paralysed by Grinder for 4 turns
  4208 | D:4      | Slain by Menkaure

Levels and vault maps discovered:
D:1:      dpeg_arrival_subterranean_lakeside_camping, layout_basic
D:2:      layout_loops_cross, first_ration
D:3:      layout_basic, uniq_sigmund, uniq_terence
D:4:      layout_basic, xom_confusion_cloud, serial_shops, nicolae_shop_crystal,
          uniq_pikel, uniq_grinder, uniq_duvessa, uniq_menkaure

Skill      XL: |  1  2  3  4  5  6 |
---------------+-------------------+-----
Spellcasting   | 5 |  5.3
Invocations    | 1 2 |  2.1
Fighting       | 1 |  1.9
Short Blades   | 1 |  1.9
Long Blades    | 1 |  1.9
Axes           | 1 |  1.9
Maces & Flails | 1 |  1.9
Polearms       | 1 |  1.9
Staves         | 1 |  1.9
Slings         | 1 |  1.9
Bows           | 1 |  1.9
Crossbows      | 1 |  1.9
Armour         | 1 |  1.9
Dodging        | 1 |  1.9
Shields        | 1 |  1.9
Unarmed Combat | 1 |  1.9
Evocations     | 1 |  1.9
Conjurations   | 1 |  1.5
Hexes          | 1 |  1.5
Charms         | 1 |  1.5
Summonings     | 1 |  1.5
Necromancy     | 1 |  1.5
Translocations | 1 |  1.5
Transmutations | 1 |  1.5
Ice Magic      | 1 |  1.5
Air Magic      | 1 |  1.5
Poison Magic   | 1 |  1.5
Throwing       | 3 |  3.2
Earth Magic    | 4 |  4.1
Stealth        | 3 |  3.0
Fire Magic     | |  7.2

Action                   |  1- 3 |  4- 6 || total
-------------------------+-------+-------++-------
Melee: Dagger            |    76 |    62 ||   138
       Short sword       |    42 |       ||    42
       Bite              |     9 |     9 ||    18
       Trident           |       |    85 ||    85
       Punch             |       |     1 ||     1
 Fire: Hunting sling     |       |     9 ||     9
Throw: Tomahawk          |       |     2 ||     2
 Cast: Magic Dart        |     5 |     1 ||     6
       Call Imp          |     4 |    24 ||    28
       Conjure Flame     |       |     3 ||     3
       Mephitic Cloud    |       |     2 ||     2
       Blink             |       |     1 ||     1
  Use: Scroll            |     2 |     4 ||     6
       Potion            |       |     2 ||     2
 Stab: Sleeping          |    13 |    10 ||    23
       Distracted        |       |     1 ||     1
  Eat: Chunk             |     3 |     8 ||    11
Armor: Robe              |    26 |    19 ||    45
       Skin              |       |    40 ||    40
Dodge: Dodged            |    68 |    87 ||   155

Table legend:
 A = Non-vault XP
 B = Vault XP
 C = Vault XP percentage of total XP
 D = Non-vault monster count
 E = Vault monster count
 F = Vault count percentage of total count
                 A         B        C        D         E       F
            +---------+---------+-------+---------+---------+-------
      Total |     297 |     143 |  32.5 |      82 |       8 |   8.9
            +---------+---------+-------+---------+---------+-------
        D:1 |      56 |      10 |  15.2 |      29 |       6 |  17.1
        D:2 |      75 |       0 |   0.0 |      21 |       0 |   0.0
        D:3 |      59 |     133 |  69.3 |      19 |       2 |   9.5
        D:4 |     107 |       0 |   0.0 |      13 |       0 |   0.0
            +---------+---------+-------+---------+---------+-------
